 Dungeon Crawl Stone Soup version 0.18.1-5-g4a78601 (webtiles) character file.

199 Rattbag the Ducker (level 5, 0/43 HPs)
             Began as a Merfolk Chaos Knight on May 14, 2016.
             Succumbed to a worker ant's poison
             ... on level 5 of the Dungeon.
             The game lasted 00:18:19 (1238 turns).

Rattbag the Ducker (Merfolk Chaos Knight)           Turns: 1238, Time: 00:18:20

Health: 0/43       AC:  5    Str: 13    XL:     5   Next: 77%
Magic:  14/14      EV: 13    Int: 11    God:    Xom [..*...]
Gold:   100        SH:  0    Dex: 14    Spells: 0 memorised, 4 levels left

rFire  . . .     SeeInvis .     a - +0 falchion (chaos)
rCold  . . .     Gourm    .     b - +2 leather armour
rNeg   . . .     Faith    .     (no shield)
rPois  .         Spirit   .     (no helmet)
rElec  .         Dismiss  .     (no cloak)
rCorr  .         Reflect  .     (no gloves)
SustAt .         Harm     .     (no boots)
MR     .....                    (no amulet)
Stlth  ++........               (no ring)
                                l - ring of magical power

@: lethally poisoned (0 -> -3), not resistant to hostile enchantments,
unstealthy
A: change form in water, swift swim
a: Renounce Religion


You were on level 5 of the Dungeon.
You worshipped Xom.
You were a toy of Xom.
You were not hungry.

You visited 1 branch of the dungeon, and saw 5 of its levels.

You collected 100 gold pieces.

Inventory:

Hand Weapons
 a - a +0 falchion of chaos (weapon)
Armour
 b - a +2 leather armour (worn)
 h - a +0 scale mail
Jewellery
 l - a ring of magical power (left hand)
Wands
 e - a wand of lightning (6/15)
Scrolls
 d - 4 scrolls of identify
Potions
 g - a potion of cure mutation
Comestibles
 c - 2 bread rations
 i - a meat ration


   Skills:
 + Level 4.4 Fighting
 + Level 4.3 Long Blades
 + Level 1.7 Armour
 + Level 4.4 Dodging
 + Level 1.6 Stealth


You had 4 spell levels left.
You didn't know any spells.

Dungeon Overview and Level Annotations

Branches:
Dungeon (5/15)
 Temple: D:4-7

Altars:
Fedhas
Gozag


Message History

The worker ant poisons you! The scorpion completely misses you.
You climb upwards.
* * * LOW HITPOINT WARNING * * *
You feel sick.
Your crimson imp disappears in a puff of smoke!
The orc completely misses you.
There is a stone staircase leading down here.
As you read the scroll labeled HOCLYS ZALLYAZ, it crumbles to dust.
You assume a fearsome visage.
The worker ant looks frightened!
The scorpion looks frightened!
The orc looks frightened!
It was a scroll of fear.
* * * LOW HITPOINT WARNING * * *
You feel sick.
You have no mutations to cure!
* * * LOW HITPOINT WARNING * * *
You feel sick.
You climb downwards.
There is a stone staircase leading up here.
You die...
Xom laughs nastily!

.........#
........#
.......#
#......#
#......##
#.......#
+.......#
#..<@...#
#.......+
#.......#
#.......#
#....≈≈≈≈.
#####≈≈≈≈..
.≈_≈.+#
.≈≈.≈.


There were no monsters in sight!

Vanquished Creatures
  A hound (D:4)
  An orc wizard (D:3)
  An iguana (D:4)
  4 adders
  2 dart slugs (D:3)
  2 giant geckos (D:2)
  11 orcs
  A giant cockroach (D:2)
  2 goblins (D:2)
  2 hobgoblins (D:3)
  8 jackals
  A quokka (D:4)
  2 bats
  7 giant newts
  2 kobolds
  3 rats
50 creatures vanquished.

Vanquished Creatures (collateral kills)
  A hound (D:4)
1 creature vanquished.

Grand Total: 51 creatures vanquished

Notes
Turn   | Place    | Note
--------------------------------------------------------------
     0 | D:1      | Rattbag the Merfolk Chaos Knight began the quest for the Orb.
     0 | D:1      | Reached XP level 1. HP: 18/18 MP: 1/1
    30 | D:1      | XOM: god gift: glass wand {god gift}
    45 | D:1      | Reached XP level 2. HP: 24/24 MP: 2/2
   325 | D:2      | Found an opulent altar of Gozag.
   511 | D:2      | Reached skill level 1 in Armour
   511 | D:2      | Reached XP level 3. HP: 28/30 MP: 3/3
   569 | D:3      | XOM: swap monsters
   607 | D:3      | XOM: 1-stop teleportation journey
   628 | D:3      | Reached XP level 4. HP: 31/37 MP: 4/4
   716 | D:3      | XOM: polymorph orc -> kobold
   717 | D:3      | XOM: fog
   737 | D:3      | Reached skill level 1 in Stealth
   995 | D:3      | XOM: noise
  1050 | D:4      | Reached XP level 5. HP: 40/42 MP: 5/5
  1051 | D:4      | XOM: smoke on damage
  1137 | D:4      | XOM: summons friendly quasit
  1199 | D:4      | XOM: confuse monster(s)
  1228 | D:4      | XOM: summons friendly crimson imp
  1231 | D:5      | Entered Level 5 of the Dungeon
  1231 | D:5      | Found a blossoming altar of Fedhas.
  1234 | D:4      | HP: 2/43 [poisoned by a worker ant]
  1238 | D:5      | Succumbed to a worker ant's poison

Skill      XL: |  1  2  3  4  5 |
---------------+----------------+-----
Dodging        | 3 4 |  4.4
Armour         | 1 |  1.7
Fighting       | 4 |  4.4
Long Blades    | 4 |  4.3
Stealth        | 1 |  1.6

Action                   |  1- 3 |  4- 6 || total
-------------------------+-------+-------++-------
Melee: Falchion          |    88 |   101 ||   189
  Use: Scroll            |     1 |     1 ||     2
       Potion            |     1 |     4 ||     5
 Stab: Paralysed         |     1 |       ||     1
       Confused          |     2 |       ||     2
       Distracted        |       |     1 ||     1
       Sleeping          |       |     1 ||     1
  Eat: Pizza             |       |     1 ||     1
Armor: Leather armour    |    30 |    38 ||    68
Dodge: Dodged            |    85 |   107 ||   192
